 Dungeon Crawl Stone Soup version 0.29-a0-106-g0a07039d5a (webtiles) character file.

Game seed: 774140199191643586

41142 drugrobin the Spear-Bearer (level 13, -4/122 HPs)
             Began as a Demigod Warper on Feb 16, 2022.
             Slain by a two-headed ogre (27 damage)
             ... while paralysed by an ogre mage
             ... on level 2 of the Orcish Mines.
             The game lasted 01:44:40 (25151 turns).

drugrobin the Spear-Bearer (Demigod Warper)        Turns: 25151, Time: 01:44:41

Health: -4/122     AC: 10    Str: 20    XL:     13   Next: 43%
Magic:  19/19      EV:  2    Int: 18    God:
Gold:   1066       SH:  0    Dex: 21    Spells: 7/15 levels left

rFire   . . .      SeeInvis +   a - +12 spear of Xoutuf {vamp, rElec}
rCold   . . .      Faith    .   (no shield)
rNeg    . . .      Spirit   .   e - +0 troll leather armour
rPois   .          Reflect  .   k - +1 helmet {Int+3}
rElec   +          Harm     .   (no cloak)
rCorr   .          Rampage  .   R - +0 pair of gloves
Will    +....                   v - +1 pair of boots
Stlth   ++........              y - amulet of regeneration
HPRegen 1.90/turn               n - ring of see invisible
MPRegen 0.16/turn               i - +4 ring of slaying

@: paralysed, studying Short Blades
A: high MP 1, forlorn, divine attributes
a: no special abilities


You were on level 2 of the Orcish Mines.
You visited 3 branches of the dungeon, and saw 19 of its levels.
You also visited: Sewer.

You collected 1471 gold pieces.
You spent 405 gold pieces at shops.

Inventory:

Hand Weapons
 a - the +12 spear of Xoutuf (weapon) {vamp, rElec}
   (You took it off a spriggan on level 11 of the Dungeon)

   It occasionally heals its wielder for a portion of the damage dealt when it
   wounds a living foe.
   rElec:     It insulates you from electricity.
 b - a +1 shortbow of flaming
 c - a +2 dagger of venom
 d - a +0 lajatang
 W - a +2 halberd of flaming
 Y - the +7 Singing Sword {vorpal, sonic wave}
   (You found it on level 7 of the Dungeon)

   It inflicts extra damage upon your enemies.
   It radiates damaging sonic waves as it strikes, especially in combat
   involving dangerous or numerous foes.
Missiles
 j - 8 curare-tipped darts
 p - a boomerang (quivered)
 s - 4 silver javelins
 D - 116 arrows
 O - 31 poisoned darts
Armour
 e - a +0 troll leather armour (worn)
 g - +0 acid dragon scales
 k - a +1 helmet of intelligence (worn)
 v - a +1 pair of boots (worn)
 R - a +0 pair of gloves (worn)
 T - a +1 robe of cold resistance
Jewellery
 i - a +4 ring of slaying (right hand)
 n - a ring of see invisible (left hand)
 y - an amulet of regeneration (around neck)
 A - a ring of positive energy
 B - a ring of wizardry
 H - a ring of fire
 M - a ring of poison resistance
 Z - an amulet of guardian spirit
Wands
 f - a wand of flame (5)
 r - a wand of digging (19)
 N - a wand of polymorph (33)
 X - a wand of paralysis (6)
Scrolls
 h - 5 scrolls of magic mapping {unknown}
 l - 4 scrolls of vulnerability {unknown}
 m - 4 scrolls of fear {unknown}
 q - a scroll of summoning {unknown}
 t - 2 scrolls of fog {unknown}
 u - 4 scrolls of enchant armour {unknown}
 x - 3 scrolls of amnesia {unknown}
 C - 2 scrolls of noise {unknown}
 E - a scroll of silence {unknown}
 F - 2 scrolls of blinking
 I - 7 scrolls of teleportation
 K - 7 scrolls of enchant weapon
 L - 2 scrolls of holy word {unknown}
 V - 2 scrolls of acquirement {unknown}
Potions
 o - 4 potions of lignification
 w - 3 potions of resistance
 z - 3 potions of curing
 G - a potion of brilliance
 J - 3 potions of invisibility
 P - 5 potions of heal wounds
 Q - 3 potions of might
 S - a potion of cancellation
 U - 2 potions of ambrosia


   Skills:
 + Level 13.1 Fighting
 + Level 13.5 Polearms
 - Level 0.8 Throwing
 + Level 3.4 Armour
 + Level 11.6 Dodging
 - Level 1.7 Spellcasting
 - Level 4.1 Translocations


You had 7 spell levels left.
You knew the following spells:

 Your Spells              Type           Power      Damage    Failure   Level
a - Blink                 Tloc           32%        N/A       6%          2
b - Teleport Other        Tloc           16%        N/A       12%         3
c - Gell's Gravitas       Tloc           16%        N/A       12%         3

Your spell library contained the following spells:

 Spells                   Type           Power      Damage    Failure   Level
 Lesser Beckoning         Tloc           16%        N/A       12%         3
 Foxfire                  Conj/Fire      4%         2x1d4     22%         1
 Freeze                   Ice            4%         1d3       22%         1
 Ensorcelled Hibernation  Hex/Ice        2%         N/A       32%         2
 Passwall                 Tmut/Erth      0%         N/A       32%         2
 Sublimation of Blood     Necr           1%         N/A       32%         2
 Wereblood                Tmut           1%         N/A       32%         2
 Conjure Flame            Conj/Fire      1%         6-21      54%         3
 Frozen Ramparts          Ice            2%         1d2       54%         3
 Inner Flame              Hex/Fire       1%         N/A       54%         3
 Stone Arrow              Conj/Erth      2%         3d7       54%         3
 Swiftness                Air            1%         N/A       54%         3
 Manifold Assault         Tloc           16%        N/A       73%         5
 Animate Armour           Summ/Erth      2%         N/A       91%         4
 Flame Wave               Conj/Fire      1%         2d4       91%         4
 Hailstorm                Conj/Ice       1%         3d3       91%         4
 Iskenderun's Battlesphe  Conj           1%         2d6       99%         5
 Iron Shot                Conj/Erth      0%         9d1       100%        6
 Spellforged Servitor     Conj/Summ      0%         N/A       100%        7
 Summon Hydra             Summ           0%         N/A       100%        7
 Lehudib's Crystal Spear  Conj/Erth      0%         10d2      100%        8


Dungeon Overview and Level Annotations

Branches:
Dungeon (12/15)            Temple (0/1) D:6            Lair (5/6) D:10
  Swamp (0/4) Lair:3       Spider (0/4) Lair:3          Orc (2/2) D:12
  Sewer (visited)
  Slime: Lair:5-6       Elf: Orc:2

Shops:
D:6 =!([   D:9 *   D:11 :   Orc:2 :

Portals:
Abyss: Lair:3
Trove: D:10 (give 12 potions of heal wounds)

Annotations:
D:3 Grinder
D:10 exclusions: centaur warrior and door, Gastronok
Lair:1 2 transporters, Gainor's ghost, novice HuMo
Lair:3 2 transporters, Zazuam's ghost, journeyman DsMo
Lair:5 Kirke


Innate Abilities, Weirdness & Mutations

You have an increased reservoir of magic. (+10% MP)
You shall have no god before yourself.
Your divine heritage dramatically boosts your attributes as you level up.


Message History

You hit the deep troll.
You kill the deep troll!
Things that are here:
a deep troll corpse; a troll corpse HP restored.
Done exploring.
Done exploring.
There is a stone staircase leading down, spattered with blood here.
You see here a +0 giant club.
You climb downwards.
The two-headed ogre shouts in stereo!
The ogre mage shouts!
You hear a shout!
An ogre comes into view. It is wielding a +0 giant spiked club.
The troll barely misses you. x3; The two-headed ogre misses you. x2
The ogre barely misses you.
An ogre comes into view. It is wielding a +0 giant club. x2
The ogre mage gestures at the two-headed ogre while chanting.
The two-headed ogre seems to speed up.
The troll bites you! The troll claws you but does no damage.
The troll barely misses you.
There is a stone staircase leading up, spattered with blood here.
Unknown command.
Unknown command.
The ogre shouts!
The ogre mage gestures at you while chanting.
You suddenly lose the ability to move!
The ogre hits you with a +0 giant club! The troll bites you but does no damage.
The troll claws you! The troll claws you but does no damage.
The two-headed ogre hits you but does no damage.
The two-headed ogre barely misses you. The ogre hits you with a +0 giant club!
You hear a shout!
The two-headed ogre shouts in stereo!
The troll barely misses you. The troll claws you but does no damage.
The troll claws you.
The ogre hits you with a +0 giant club!!
The cyclops hits you!!
* * * LOW HITPOINT WARNING * * *
The troll shouts!
The two-headed ogre hits you with a +0 giant club!
* * * LOW HITPOINT WARNING * * *
The two-headed ogre hits you with a +0 giant spiked club!!
You die...

.#............O
.......... .O..
....#........OT
......... .O.∩O
..$..$....TOOO.
........#...OO.
.......TCOO....
..$...O@O...#
..#.....O......
...$...........
...............
...............
...............
...............
#..............


You could see 6 two-headed ogres, 2 ogre magi, a deep troll, a cyclops, 2 trolls
and 7 ogres.

Vanquished Creatures
  2 boulder beetles
  8 hydras
  A death knight (D:11)
  The ghost of IdlyInterested the Slicer, a journeyman DsFi of Hepliaklqana (D:11)
  A two-headed ogre (D:10)
  Sonja (Lair:2)
  5 skeletal warriors
  A deep troll (Orc:1)
  A phantasmal warrior (D:12)
  Pikel (D:7)
  2 oklob plants (Lair:1)
  An ugly thing (D:12)
  A manticore (D:9)
  2 cyclopes
  6 elephants
  7 cane toads
  A rime drake (Lair:5)
  2 freezing wraiths (D:12)
  6 komodo dragons
  3 trolls
  Prince Ribbit (Lair:1)
  A hornet (D:11)
  16 blink frogs
  A meliai zombie (D:10)
  A vampire (D:12)
  4 culicivoras (Lair:3)
  38 yaks
  2 shadows
  4 spriggans (D:11)
  A wraith (D:12)
  2 hogs (Lair:4)
  5 wyverns
  A basilisk (Lair:1)
  A warg (D:12)
  A steam dragon (D:8)
  4 vampire mosquitoes
  An acid dragon (D:10)
  7 water moccasins
  5 orc warriors
  A necrophage (D:5)
  An ice beast (D:7)
  5 black bears
  3 centaurs
  2 ogres
  A tengu (D:9)
  13 wolves
  A phantom (D:4)
  5 kobold brigands
  14 bullfrogs
  4 scorpions
  A wyvern zombie (D:5)
  3 killer bees (D:8)
  5 electric eels
  3 howler monkeys
  A crimson imp (D:9)
  A bullfrog zombie (D:6)
  2 centaur zombies
  A centaur skeleton (D:6)
  5 hounds
  2 quasits (Sewer)
  6 orc priests
  2 iguanas
  13 orc wizards
  2 hound skeletons (D:4)
  Robin (D:2)
  9 adders
  A howler monkey skeleton (D:4)
  3 shadow imps
  A white imp (Lair:5)
  2 ufetubi (Sewer)
  2 worms
  3 dart slugs
  33 orcs
  12 ball pythons
  11 endoplasms
  5 giant cockroaches
  18 goblins
  7 hobgoblins
  3 jackals (D:2)
  2 quokkas (D:1)
  14 bats
  A frilled lizard (D:2)
  A giant cockroach zombie (Sewer)
  33 kobolds
  8 rats
416 creatures vanquished.

Vanquished Creatures (others)
  2 endoplasms (Sewer)
  2 kobold zombies (Sewer)
  35 fungi
  21 plants
60 creatures vanquished.

Grand Total: 476 creatures vanquished

Notes
Turn   | Place    | Note
-------+----------+-------------------------------------------
     0 | D:1      | drugrobin the Demigod Warper began the quest for the Orb.
     0 | D:1      | Reached XP level 1. HP: 17/17 MP: 5/5
   323 | D:1      | Reached XP level 2. HP: 24/24 MP: 7/7
  1046 | D:1      | Reached XP level 3. HP: 29/29 MP: 8/8
  1052 | D:1      | Learned a level 2 spell: Blink
  1056 | D:1      | Learned a level 3 spell: Teleport Other
  1684 | D:2      | Noticed Robin
  1796 | D:1      | HP: 1/29 [goblin[Robin] (1)]
  2137 | D:2      | Killed Robin
  2696 | D:3      | Reached XP level 4. HP: 35/36 MP: 9/9
  3845 | D:3      | Noticed Grinder
  3846 | D:3      | Paralysed by Grinder for 7 turns
  4319 | D:4      | Noticed a bullfrog
  4331 | D:4      | Killed a bullfrog
  4332 | D:4      | Reached XP level 5. HP: 13/42 MP: 10/10
  4592 | D:4      | Identified the +11 flail of Subjectivity {vamp, *Corrode
                  | Int+5}
  5325 | D:5      | Entered Level 5 of the Dungeon
  5530 | D:5      | Noticed a water moccasin
  5765 | D:4      | Reached XP level 6. HP: 23/51 MP: 11/11
  6337 | D:5      | Reached skill level 5 in Polearms
  6961 | D:6      | Reached XP level 7. HP: 34/60 MP: 12/12
  7100 | D:6      | Found a staircase to the Ecumenical Temple.
  7207 | D:6      | Found a glowing drain.
  7215 | Sewer    | Entered a sewer
  7621 | Sewer    | Reached skill level 5 in Fighting
  8559 | D:6      | Reached XP level 8. HP: 34/70 MP: 13/13
  8746 | D:6      | Found Darghah's Distillery.
  8748 | D:6      | Found Qudec's Armour Shop.
  8748 | D:6      | Found Ohaess's Jewellery Shop.
  8748 | D:6      | Found Uceluq's Antique Weapon Shop.
  9338 | D:6      | Bought a potion of curing for 45 gold pieces
 10163 | D:7      | Noticed Pikel
 10181 | D:7      | Paralysed by Pikel for 2 turns
 10183 | D:7      | Killed Pikel
 10468 | D:7      | Found the +7 Singing Sword {vorpal, sonic wave}
 10514 | D:7      | Reached XP level 9. HP: 58/79 MP: 14/14
 12417 | D:8      | Noticed a red ugly thing
 12547 | D:6      | Bought an amulet of regeneration for 360 gold pieces
 12737 | D:8      | Noticed a cyclops
 12755 | D:8      | Killed a cyclops
 12756 | D:8      | Reached skill level 5 in Dodging
 12908 | D:9      | Found Jeimuv's Lightly-Used Armoury.
 12997 | D:9      | Noticed a cyclops
 13183 | D:9      | Noticed a manticore
 13341 | D:10     | Entered Level 10 of the Dungeon
 13408 | D:10     | Found a portal to a secret trove of treasure.
 13451 | D:10     | Noticed a centaur warrior
 13646 | D:10     | Reached XP level 10. HP: 90/90 MP: 15/15
 13876 | D:10     | Noticed Gastronok
 14225 | D:9      | Killed a manticore
 14590 | D:10     | Noticed a two-headed ogre
 14610 | D:10     | Killed a two-headed ogre
 14780 | D:10     | Found a staircase to the Lair.
 15040 | Lair:1   | Entered Level 1 of the Lair of Beasts
 15047 | Lair:1   | Found the +4 robe of Folly {Brilliance Will-∞ Int+8}
 15081 | Lair:1   | Reached skill level 10 in Polearms
 15168 | Lair:1   | Noticed a fire crab
 15176 | Lair:1   | Noticed Gainor's ghost (novice HuMo)
 15322 | Lair:1   | Noticed a seven-headed hydra
 15377 | Lair:1   | Learned a level 3 spell: Gell's Gravitas
 15446 | Lair:1   | Killed a one-headed hydra
 15509 | Lair:1   | Found a transporter.
 15513 | Lair:1   | Found a transporter.
 15762 | Lair:1   | Noticed an oklob plant
 15792 | Lair:1   | Noticed Prince Ribbit
 15820 | Lair:1   | Killed Prince Ribbit
 15821 | Lair:1   | Reached XP level 11. HP: 77/99 MP: 17/17
 15856 | Lair:1   | Reached skill level 10 in Fighting
 16302 | Lair:2   | Noticed an eight-headed hydra
 16395 | Lair:1   | Killed a one-headed hydra
 16588 | Lair:2   | Noticed Sonja
 16594 | Lair:2   | Killed Sonja
 16802 | Lair:2   | Identified the +2 cloak of the Game Afoot {rPois rC- MP+9}
 17327 | Lair:3   | Found a staircase to the Swamp.
 17410 | Lair:3   | Found a hole to the Spider Nest.
 17756 | Lair:3   | Found a transporter.
 17806 | Lair:3   | Noticed a soul eater
 17808 | Lair:3   | Found a transporter.
 17811 | Lair:3   | Found a one-way gate to the infinite horrors of the Abyss.
 17811 | Lair:3   | Noticed Zazuam's ghost (journeyman DsMo)
 17812 | Lair:3   | Noticed a rakshasa
 17832 | Lair:3   | Noticed a thrashing horror
 17964 | Lair:3   | Noticed an eight-headed hydra
 17977 | Lair:3   | HP: 2/102 [six-headed hydra (9)]
 18087 | Lair:3   | Killed a one-headed hydra
 18839 | Lair:4   | Noticed a six-headed hydra
 18851 | Lair:4   | Killed a one-headed hydra
 18931 | Lair:4   | Noticed a four-headed hydra
 18938 | Lair:4   | Killed a one-headed hydra
 18939 | Lair:4   | Reached XP level 12. HP: 102/110 MP: 18/18
 19535 | Lair:3   | Reached skill level 10 in Dodging
 20371 | Lair:5   | Noticed a seven-headed hydra
 20408 | Lair:5   | Killed a one-headed hydra
 20772 | Lair:5   | Noticed an ice dragon
 20791 | Lair:5   | Noticed Kirke
 20843 | Lair:5   | Noticed an eight-headed hydra
 20980 | Lair:4   | Killed a one-headed hydra
 21339 | D:11     | Noticed a five-headed hydra
 21354 | D:11     | Killed a one-headed hydra
 21788 | D:11     | Found Xienegau's Book Shop.
 21804 | D:11     | You fall into a shaft and drop 1 floor!
 21816 | D:12     | Found a staircase to the Orcish Mines.
 21987 | D:11     | Noticed a boulder beetle
 22010 | D:11     | Killed a boulder beetle
 22011 | D:11     | Reached XP level 13. HP: 119/119 MP: 19/19
 22279 | D:11     | Found a runed translucent door.
 22280 | D:11     | Noticed IdlyInterested's ghost (journeyman DsFi)
 22282 | D:11     | Identified the +12 spear of Xoutuf {vamp, rElec}
 22323 | D:11     | Reached skill level 1 in Armour
 22841 | D:11     | Killed IdlyInterested's ghost
 23279 | Orc:1    | Entered Level 1 of the Orcish Mines
 25087 | Orc:2    | Entered Level 2 of the Orcish Mines
 25087 | Orc:2    | Found Liegru's Book Boutique.
 25149 | Orc:2    | Paralysed by an ogre mage for 6 turns
 25151 | Orc:2    | Slain by a two-headed ogre

Illustrated notes

Levels and vault maps discovered:
D:1:      lightli_arrival_windingriver, layout_basic,
          hellmonk_ecumenical_altar_heavens_door, minmay_close_crescents
D:2:      layout_basic, uniq_robin
D:3:      layout_loops_corners, nicolae_ru_great_annihilating_truth,
          uniq_grinder
D:4:      layout_loops_ring, mainiacjoe_overflow_tiny_flanked,
          chequers_serial_rivers_small_3, minmay_manual_moon
D:5:      layout_loops_ring, nicolae_dithmenos_through_a_glass_darkly,
          amcnicky_mini_rare_corridor_liquid
D:6:      layout_basic, mainiacjoe_overflow_six_doors_small,
          mainiacjoe_overflow_big_doors, minmay_temple_entry_mist,
          portal_sewer_entry_b, minmay_shop_grid_forest
D:7:      old_forge, layout_loops_ring, general_overflow_altar, uniq_pikel
D:8:      layout_loops_cross, zin_treasury
D:9:      layout_basic, grunt_temple_overflow_champion_of_chaos,
          lemuel_tele_altar, minmay_shop_damaged, kennysheep_diamond
D:10:     layout_roguey, kennysheep_mini, erik_lair_island, enter_trove_1,
          uniq_gastronok
D:11:     layout_loops_ring, ebering_ghost_funeral_grove, serial_shops,
          nicolae_shop_hallway_plus
D:12:     layout_loops_ring, david_orc_3, glass_columns_a, nzn_sisyphean_effort
Lair:1:   dpeg_oklob_gauntlet, layout_big_grid, gammafunk_ghost_arena,
          dreamdust_deal_with_the_devil, serial_bayou_shore_a,
          uniq_prince_ribbit2
Lair:2:   layout_roguey, infiniplex_staircase_pool_2, serial_bayou_shore_b,
          uniq_sonja
Lair:3:   layout_regular_city, minmay_swamp_entry_eels,
          hellmonk_spider_entry_life_and_decay, gammafunk_ghost_abyssal_escape,
          grunt_megastairs_2, lemuel_fruit_fields
Lair:4:   layout_gridlike
Lair:5:   layout_long_grid, slime_dummy, ice2_lemuel, uniq_kirke
Orc:1:    layout_caves
Orc:2:    st_orc_open, layout_caves, serial_shops, nicolae_shop_stone

Skill      XL: |  1  2  3  4  5  6  7  8  9 10 11 12 13 |
---------------+----------------------------------------+-----
Polearms       | 2 3 4 5 6 8 9 10 11 13 | 13.5
Translocations | 3 4 |  4.1
Fighting       | 2 3 4 5 7 8 9 11 12 13 | 13.1
Dodging        | 3 5 7 9 11 | 11.6
Armour         | 3 |  3.4
Throwing       | |  0.8
Spellcasting   | |  1.7

Action                   |  1- 3 |  4- 6 |  7- 9 | 10-12 | 13-15 || total
-------------------------+-------+-------+-------+-------+-------++-------
Melee: Spear             |    61 |       |       |       |   109 ||   170
       Dagger            |   128 |    15 |    48 |    49 |       ||   240
       Punch             |     2 |     3 |     3 |     9 |     9 ||    26
       Trident           |       |   171 |   255 |   753 |    57 ||  1236
       Flail             |       |     6 |    18 |    15 |       ||    39
       Double sword      |       |       |    46 |    27 |       ||    73
       War axe           |       |       |       |    68 |       ||    68
       Lajatang          |       |       |       |       |   116 ||   116
 Fire: Hunting sling     |       |    31 |    34 |       |       ||    65
       Shortbow          |       |       |       |   101 |     1 ||   102
Throw: Stone             |       |    13 |    11 |       |       ||    24
       Dart              |       |     1 |    10 |    20 |    14 ||    45
       Boomerang         |       |       |       |    45 |    25 ||    70
       Javelin           |       |       |       |       |     2 ||     2
 Cast: Blink             |     3 |     5 |     8 |    20 |     9 ||    45
       Teleport Other    |       |     5 |     1 |     2 |       ||     8
       Gell's Gravitas   |       |       |       |     9 |     3 ||    12
Evoke: Wand              |       |       |     1 |     2 |       ||     3
  Use: Scroll            |       |       |       |    13 |     3 ||    16
       Potion            |       |       |       |     1 |     1 ||     2
 Stab: Sleeping          |     1 |       |     4 |     3 |       ||     8
       Invisible         |       |     1 |       |       |       ||     1
       Distracted        |       |       |     1 |     1 |       ||     2
       Held in net/web   |       |       |     1 |       |       ||     1
Armor: Leather armour    |    48 |    49 |    74 |       |       ||   171
       Robe              |       |       |    58 |    11 |       ||    69
       Acid dragon scale |       |       |     5 |   194 |    22 ||   221
       Troll leather arm |       |       |       |       |    10 ||    10
Dodge: Dodged            |   102 |    96 |   280 |   737 |   137 ||  1352

Table legend: (Time is in decaauts)
 A = Elapsed time spent in this place.
 B = Non-inter-level travel time spent in this place.
 C = Inter-level travel time spent in this place.
 D = Time resting spent in this place.
 E = Time spent auto-exploring this place.
 F = Levels seen in this place.
 G = Mean time per level.
                   A        B        C        D        E       F      G
               +--------+--------+--------+--------+--------+-----+--------+
         Total |  24997 |  23633 |   1364 |   5030 |  11491 |  20 | 1249.8 |
       Dungeon |  17888 |  16946 |    942 |   4086 |   8311 |  12 | 1490.7 |
          Lair |   5943 |   5540 |    403 |    677 |   2669 |   5 | 1188.6 |
  Orcish Mines |    196 |    178 |     18 |      0 |    127 |   2 |   98.0 |
         Sewer |    969 |    969 |      0 |    267 |    383 |   1 |  969.0 |
               +--------+--------+--------+--------+--------+-----+--------+

Top non-repeatable levels by time:
    D:11: 2200 daAuts
     D:6: 2052 daAuts
  Lair:4: 1586 daAuts
     D:7: 1578 daAuts
     D:2: 1560 daAuts
     D:3: 1522 daAuts
  Lair:3: 1431 daAuts
     D:8: 1419 daAuts
    D:12: 1417 daAuts
  Lair:1: 1393 daAuts
     D:4: 1391 daAuts
     D:5: 1297 daAuts
    D:10: 1292 daAuts
     D:1: 1171 daAuts
     D:9: 985 daAuts
